 Dungeon Crawl Stone Soup version 0.22-a0-407-gb098539 (webtiles) character file.

34 Ijustatesigmund the Charlatan (level 3, 0/30 HPs)
             Began as a Hill Orc Artificer on May 9, 2018.
             Slain by an adder (4 damage)
             ... on level 2 of the Dungeon.
             The game lasted 00:03:23 (1633 turns).

Ijustatesigmund the Charlatan (Hill Orc Artificer)  Turns: 1633, Time: 00:03:24

Health: 0/30       AC:  3    Str: 19    XL:     3   Next: 31%
Magic:  5/5        EV: 12    Int: 11    God:
Gold:   57         SH:  0    Dex: 12    Spells: 2/2 levels left

rFire    . . .     SeeInvis .   a - +0 mace
rCold    . . .     Gourm    .   (no shield)
rNeg     . . .     Faith    .   b - +0 leather armour
rPois    .         Spirit   .   (no helmet)
rElec    .         Reflect  .   g - scarf {repulsion}
rCorr    .         Harm     .   (no gloves)
MR       .....                  (no boots)
Stlth    +.........             (no amulet)
HPRegen  0.10/turn              (no ring)
MPRegen  0.09/turn              (no ring)

@: mighty, lethally poisoned (0 -> -22), repel missiles
A: no striking features
a: no special abilities


You were on level 2 of the Dungeon.
You were not hungry.

You visited 1 branch of the dungeon, and saw 2 of its levels.

You collected 57 gold pieces.

Inventory:

Hand Weapons
 a - a +0 mace (weapon)
Armour
 b - a +0 leather armour (worn)
 g - a scarf of repulsion (worn)
Wands
 c - a wand of flame (14)
 d - a wand of enslavement (11)
 e - a wand of random effects (14)
Scrolls
 h - a scroll of teleportation {unknown}
Potions
 i - a potion of cancellation
Comestibles
 f - 3 rations


   Skills:
 + Level 2.8 Fighting
   Level 1.0 Short Blades
 + Level 2.1 Armour
 - Level 1.5 Dodging
 - Level 0.7 Stealth
 - Level 3.0 Evocations


You had 2 spell levels left.
You didn't know any spells.

Dungeon Overview and Level Annotations

Branches:
Dungeon (2/15)

Altars:


Message History

The giant cockroach bites you but does no damage.
The adder bites you.
* * * LOW HITPOINT WARNING * * *
You are more poisoned.
The adder poisons you!
You are too injured to fight recklessly!
You are too injured to fight recklessly!
You are too injured to fight recklessly!
It was a potion of might.
You feel very mighty all of a sudden.
* * * LOW HITPOINT WARNING * * *
You feel sick. The adder bites you.
* * * LOW HITPOINT WARNING * * *
You are more poisoned.
The adder poisons you! The giant cockroach closely misses you.
You closely miss the adder.
* * * LOW HITPOINT WARNING * * *
You feel very sick. The adder bites you.
You die...

#.##.#..# .#
.....!<.. ...
.......####..# #
#....$..(....
.#.##...........
.............(..
.........S......
........@s......
.#######.########
.........#
########.# #<#
#.# ###


You could see an adder and a giant cockroach.

Vanquished Creatures
  2 leopard geckos (D:1)
  4 bats (D:1)
  A giant cockroach (D:1)
  3 goblins (D:1)
  2 hobgoblins (D:1)
  5 jackals (D:1)
  2 frilled lizards (D:1)
  5 kobolds (D:1)
  6 rats (D:1)
30 creatures vanquished.

Vanquished Creatures (collateral kills)
  A goblin (D:1)
  A jackal (D:1)
2 creatures vanquished.

Vanquished Creatures (others)
  A jackal (D:1)
1 creature vanquished.

Grand Total: 33 creatures vanquished

Notes
Turn   | Place    | Note
-------+----------+-------------------------------------------
     0 | D:1      | Ijustatesigmund the Hill Orc Artificer began the quest for the Orb.
     0 | D:1      | Reached XP level 1. HP: 16/16 MP: 3/3
   272 | D:1      | Reached skill level 1 in Armour
   279 | D:1      | Reached XP level 2. HP: 24/24 MP: 4/4
   827 | D:1      | Reached XP level 3. HP: 29/30 MP: 5/5
  1633 | D:2      | Slain by an adder

Vault maps used:
D:1:      elethiomel_arrival_maze, hangedman_feature_mirror
D:2:      first_ration

Skill      XL: |  1  2  3 |
---------------+----------+-----
Armour         | 1 2 |  2.1
Fighting       | 2 |  2.8
Short Blades   | |  1.0
Dodging        | |  1.5
Stealth        | |  0.7
Evocations     | |  3.0

Action                   || total
-------------------------++-------
Melee: Short sword       ||   103
       Mace              ||    11
Evoke: Wand              ||     6
  Use: Scroll            ||     2
       Potion            ||     1
 Stab: Paralysed         ||     1
  Eat: Chunk             ||     2
Armor: Leather armour    ||    38
Dodge: Dodged            ||    76
       Deflected         ||     1

Table legend:
 A = Spawn XP
 B = Non-spawn XP
 C = Spawn XP percentage of total XP
 D = Spawn monster count
 E = Non-spawn monster count
 F = Spawn count percentage of total count
 G = Total turns spent on level
                    A         B        C        D         E        F      G
               +---------+---------+-------+---------+---------+-------+---------
         Total |       0 |      49 |   0.0 |       0 |      32 |   0.0 |  1633
               +---------+---------+-------+---------+---------+-------+---------
           D:1 |       0 |      49 |   0.0 |       0 |      32 |   0.0 |  1624
               +---------+---------+-------+---------+---------+-------+---------
